 Seeded DCSS version 0.29-a0-613-gf2c431b9b9 (webtiles) character file.

Game seed: 16540029993331354961 (custom seed)

27850 happo123 the Grappler (level 13, -6/144 HPs)
             Began as a Troll Transmuter on June 16, 2022.
             Was a High Priest of Okawaru.
             Mangled by a polar bear (15 damage)
             ... on level 2 of the Lair of Beasts.
             The game lasted 01:29:58 (11454 turns).

happo123 the Grappler (Troll Transmuter)           Turns: 11454, Time: 01:29:59

Health: -6/144     AC:  8    Str: 21    XL:     13   Next: 6%
Magic:  19/19      EV: 13    Int: 19    God:    Okawaru [*****.]
Gold:   1023       SH:  0    Dex: 17    Spells: 14/21 levels left

rFire   . . .      SeeInvis .     - Unarmed
rCold   + + .      Faith    .   (shield currently unavailable)
rNeg    . . .      Spirit   .   (body armour currently unavailable)
rPois   +          Reflect  .   (helmet currently unavailable)
rElec   +          Harm     .   (cloak currently unavailable)
rCorr   .          Rampage  .   (gloves unavailable)
Will    .....                   (boots unavailable)
Stlth   ++........              m - amulet of magic regeneration
HPRegen 1.14/turn               D - ring "Qoet" {Fire rElec Dex+7}
MPRegen 0.56/turn               Y - +6 ring of intelligence

@: lethally poisoned (-6 -> -8), ice-form
A: freezing attack, amphibious, boosted hp, large, unfitting armour, (claws 3),
regeneration 1, (shaggy fur 1), (tough skin 1)
a: End Transformation, Renounce Religion, Heroism, Finesse, Duel


You were on level 2 of the Lair of Beasts.
You worshipped Okawaru.
Okawaru was extremely pleased with you.
You were a creature of crystalline ice.
You visited 3 branches of the dungeon, and saw 17 of its levels.
You also visited: Bailey.

You collected 2297 gold pieces.
You spent 1274 gold pieces at shops.

Inventory:

Hand Weapons
 j - a +3 hunting sling of freezing
 x - a +1 spectral club
 A - the +3 trident of the Smoking Ancients {speed, +Blink Will+ MP-9 Str+5}
   (You found it on level 4 of the Dungeon)

   Attacks with this weapon are significantly faster.
   Str:       It affects your strength (+5).
   MP:        It affects your magic capacity (-9).
   +Blink:    It lets you blink.
   Will:      It increases your willpower.
 X - a +0 vampiric executioner's axe
Armour
 a - the +0 hat of Agoraphobia (melded) {rElec rF+ Regen+}
   (Okawaru gifted it to you on level 11 of the Dungeon)

   rF:        It protects you from fire.
   rElec:     It insulates you from electricity.
   Regen:     It increases your rate of health regeneration.
 e - +0 acid dragon scales
 l - the +1 kite shield "Tuli" {rC+ Int+2}
   (Okawaru gifted it to you on level 12 of the Dungeon)

   Int:       It affects your intelligence (+2).
   rC:        It protects you from cold.
 v - a +1 cloak (melded)
 U - +2 swamp dragon scales (melded)
 W - a +0 troll leather armour
Jewellery
 m - an amulet of magic regeneration (around neck)
 D - the ring "Qoet" (left front paw) {Fire rElec Dex+7}
   (You found it on level 14 of the Dungeon)

   [ring of fire]

   It enhances your fire magic.
   Dex:       It affects your dexterity (+7).
   rF:        It protects you from fire.
   rC:        It makes you vulnerable to cold.
   rElec:     It insulates you from electricity.
 L - a ring of positive energy
 N - a ring of flight
 O - a ring of see invisible
 P - an amulet of the acrobat
 R - a ring of protection from fire
 Y - a +6 ring of intelligence (right front paw)
Wands
 w - a wand of light (7)
 B - a wand of digging (10)
 G - a wand of flame (11)
 Q - a wand of iceblast (15)
 Z - a wand of mindburst (11)
Scrolls
 c - a scroll of noise {unknown}
 i - 4 scrolls of amnesia {unknown}
 k - 3 scrolls of enchant weapon
 n - a scroll of blinking
 o - 2 scrolls of silence
 r - 3 scrolls of poison
 s - 3 scrolls of fog
 t - 2 scrolls of acquirement
 u - 2 scrolls of enchant armour
 y - 5 scrolls of teleportation
 C - 2 scrolls of torment
 E - 2 scrolls of magic mapping {unknown}
 I - 2 scrolls of fear
 K - a scroll of brand weapon {unknown}
 S - 2 scrolls of immolation {unknown}
 T - a scroll of summoning {unknown}
Potions
 b - 4 potions of lignification
 d - 2 potions of flight {unknown}
 f - a potion of ambrosia {unknown}
 g - 8 potions of curing
 h - 2 potions of mutation {unknown}
 p - a potion of brilliance {unknown}
 q - 4 potions of resistance {unknown}
 z - a potion of degeneration {unknown}
 F - 3 potions of haste {unknown}
 H - 3 potions of heal wounds {unknown}
 J - a potion of magic {unknown}
 M - a potion of berserk rage {unknown}
 V - a potion of might {unknown}


   Skills:
 + Level 6.2 Fighting
 + Level 6.2 Dodging
 + Level 4.3 Shields
 * Level 10.9 Unarmed Combat
 + Level 4.9 Spellcasting
 * Level 8.1 Transmutations
 - Level 5.0 Ice Magic
 + Level 3.1 Earth Magic
 + Level 6.3 Invocations


You had 14 spell levels left.
You knew the following spells:

 Your Spells              Type           Power      Damage    Failure   Level
a - Beastly Appendage     Tmut           70%        N/A       1%          1
b - Wereblood             Tmut           35%        N/A       1%          2
c - Ice Form              Ice/Tmut       29%        N/A       9%          4

Your spell library contained the following spells:

 Spells                   Type           Power      Damage    Failure   Level
 Freeze                   Ice            92%        1d10      1%          1
 Passwall                 Tmut/Erth      20%        N/A       1%          2
 Sting                    Tmut/Pois      80%        1d7       2%          1
 Sandblast                Erth           32%        2d9       3%          1
 Ensorcelled Hibernation  Hex/Ice        28%        N/A       7%          2
 Spider Form              Tmut/Pois      20%        N/A       7%          3
 Ignite Poison            Fire/Tmut/Pois 22%        N/A       12%         3
 Necrotize                Necr           16%        1d4       13%         1
 Static Discharge         Conj/Air       4%         N/A       19%         2
 Stone Arrow              Conj/Erth      20%        3d8       21%         3
 Gell's Gravitas          Tloc           4%         N/A       36%         3
 Lesser Beckoning         Tloc           4%         N/A       36%         3
 Portal Projectile        Hex/Tloc       8%         N/A       36%         3
 Teleport Other           Tloc           4%         N/A       36%         3
 Vampiric Draining        Necr           4%         2d6       36%         3
 Leda's Liquefaction      Hex/Erth       5%         N/A       54%         4
 Irradiate                Conj/Tmut      10%        3d16      54%         5
 Yara's Violent Unravell  Hex/Tmut       10%        3d6       54%         5
 Airstrike                Air            2%         N/A       77%         4
 Anguish                  Hex/Necr       2%         N/A       77%         4
 Corpse Rot               Necr/Pois/Air  4%         N/A       77%         4
 Dispel Undead            Necr           4%         3d7       77%         4
 Statue Form              Tmut/Erth      16%        N/A       88%         6
 Agony                    Necr           4%         N/A       98%         5
 Lightning Bolt           Conj/Air       2%         1d13      98%         5
 Eringya's Noxious Bog    Tmut/Pois      10%        N/A       98%         6
 Dragon Form              Tmut           17%        N/A       98%         7
 Iron Shot                Conj/Erth      5%         9d2       100%        6
 Enfeeble                 Hex            2%         N/A       100%        7
 Maxwell's Capacitive Co  Air            2%         ∞         100%        8
 Call Canine Familiar     Summ           Unusable   N/A       N/A         3
 Summon Lightning Spire   Summ/Air       Unusable   N/A       N/A         4
 Death Channel            Necr           Unusable   N/A       N/A         6

Dungeon Overview and Level Annotations

Branches:
Dungeon (14/15)            Temple (1/1) D:7            Lair (2/6) D:10
  Swamp (0/4) Lair:2          Orc (0/2) D:12         Bailey (visited)
  Snake: Lair:2-4    Spider: Lair:2-4    Vaults: D:13-14

Altars:
Ashenzari
Cheibriados
Dithmenos
Elyvilon
Fedhas
Gozag
Hepliaklqana
Kikubaaqudgha
Makhleb
Nemelex Xobeh
Okawaru
Qazlal
Ru
Sif Muna
Trog
Uskayaw
Vehumet
Wu Jian
Xom
Yredelemnul
Zin
The Shining One

Shops:
D:9 =


Innate Abilities, Weirdness & Mutations

You are a creature of crystalline ice.
You have a powerful freezing melee attack.
You are amphibious.
Your maximum health is increased.
Your armour is entirely melded.
You are incapable of wielding weapons or throwing items.
You are too large for most types of armour.
((You have claws for hands.))
Your natural rate of healing is unusually fast.
((You are covered in fur. (AC +1)))
((You have tough skin. (AC +1)))


Message History

You hit the black mamba.
The black mamba seems to slow down.
You freeze the black mamba.
The black mamba is lightly wounded.
The black mamba misses you.
You closely miss the black mamba.
The black mamba is lightly wounded.
The black mamba is no longer moving slowly.
The black mamba barely misses you.
You punch the black mamba!
The black mamba seems to slow down.
You freeze the black mamba.
The black mamba is moderately wounded.
The black mamba bites you.
* * * LOW HITPOINT WARNING * * *
You punch the black mamba! You freeze the black mamba.
The black mamba is severely wounded.
The black mamba closely misses you.
You barely miss the black mamba.
The black mamba is severely wounded.
The black mamba bites you!
* * * LOW HITPOINT WARNING * * *
You are poisoned.
The black mamba poisons you!
You closely miss the black mamba.
The black mamba is severely wounded.
You feel very sick. The black mamba closely misses you.
The blink frog blinks!
You barely miss the black mamba.
The black mamba is severely wounded.
You feel very sick. The black mamba bites you!
* * * LOW HITPOINT WARNING * * *
You pummel the black mamba!!
The black mamba seems to slow down.
You freeze the black mamba.
You kill the black mamba!
Okawaru accepts your kill.
You feel sick.
You completely miss the polar bear.
The polar bear is heavily wounded.
You feel sick.
The blink frog blinks!
The polar bear bites you!
You die...

#.##h#####..## #######.
#..##.§...# #.. #.........# #####
##. ......##......####.#.## #.
PP..####§......<......###. ####
##.#.....#.P##.....
#.###########...#. #.
#h#########....... #.
#Y.#P....##..P..P. #.
##.##.............. ##.###
#..##.........####. .P...#######
##.#..........#.##.
.....##.P#P####..............#...
............(....[...............
.P..<...#...............P........
.##.†.............#.....P.#..#..#
..#....##..####.###......##......


You could see a polar bear.

Vanquished Creatures
  2 boulder beetles
  4 hydras
  3 centaur warriors
  3 two-headed ogres
  2 deep elf pyromancers
  A bog body (Lair:2)
  An orc sorcerer (Bailey)
  A cyclops (D:11)
  A black mamba (Lair:2)
  Maurice (D:12)
  3 cane toads
  A kobold demonologist (Bailey)
  An efreet (D:13)
  2 komodo dragons
  A freezing wraith (D:12)
  3 trolls
  A polar bear (D:13)
  Grinder (D:4)
  The ghost of Nietzsche the Ruffian, an amateur DrTm of Kikubaaqudgha (D:4)
  Prince Ribbit (D:5)
  5 blink frogs
  Sigmund (D:2)
  A water elemental (D:13)
  19 yaks
  2 shadows
  3 basilisks
  A steam dragon (D:7)
  4 vampire mosquitoes (D:12)
  Duvessa (D:7)
  3 swamp worms (Lair:2)
  3 acid dragons
  8 water moccasins
  2 sky beasts
  5 black bears
  20 orc warriors
  2 ice beasts
  2 wolves
  10 centaurs
  A phantom (D:5)
  4 kobold brigands
  5 bullfrogs
  2 gnoll sergeants
  4 scorpions
  A necrophage (D:5)
  13 wights
  Dowan (D:7)
  19 electric eels
  4 howler monkeys
  A hound (D:6)
  2 jellies (D:5)
  7 orc priests
  A gnoll shaman (D:9)
  6 iguanas
  Ijyb (D:3)
  Natasha (thrice) (D:2)
  9 orc wizards
  21 gnolls
  8 adders
  A shadow imp (D:5)
  4 white imps
  2 ufetubi
  2 worms
  7 dart slugs
  39 orcs
  3 ball pythons
  4 bats
  8 endoplasms
  20 goblins
  12 hobgoblins
  10 jackals
  5 quokkas
  2 frilled lizards (D:2)
  21 kobolds
  2 rats
381 creatures vanquished.

Vanquished Creatures (others)
  8 fungi
  46 plants
54 creatures vanquished.

Grand Total: 435 creatures vanquished

Notes
Turn   | Place    | Note
-------+----------+-------------------------------------------
     0 | D:1      | happo123 the Troll Transmuter began the quest for the Orb.
     0 | D:1      | Reached XP level 1. HP: 18/18 MP: 1/1
   121 | D:1      | Reached skill level 1 in Fighting
   121 | D:1      | Reached XP level 2. HP: 27/27 MP: 2/2
   412 | D:1      | Found a faded altar of an unknown god.
   428 | D:1      | Reached XP level 3. HP: 27/33 MP: 1/4
   431 | D:1      | Learned a level 2 spell: Wereblood
   527 | D:2      | Noticed Sigmund
   538 | D:2      | Killed Sigmund
   539 | D:2      | Reached skill level 4 in Unarmed Combat
   539 | D:2      | Reached skill level 1 in Ice Magic
   539 | D:2      | Reached XP level 4. HP: 36/41 MP: 3/5
   539 | D:2      | Reached XP level 5. HP: 43/48 MP: 3/6
   615 | D:2      | Noticed Natasha
   629 | D:2      | Killed Natasha
   782 | D:2      | Noticed Natasha
   787 | D:2      | Killed Natasha
   788 | D:2      | Reached XP level 6. HP: 54/57 MP: 7/7
   845 | D:2      | Noticed Natasha
   850 | D:2      | Killed Natasha
  1280 | D:3      | Found a white marble altar of Elyvilon.
  1384 | D:3      | Found an iron altar of Okawaru.
  1394 | D:3      | Became a worshipper of Warmaster Okawaru
  1403 | D:3      | Found a hide-covered altar of Uskayaw.
  1405 | D:3      | Noticed Ijyb
  1413 | D:3      | Killed Ijyb
  1553 | D:4      | Reached XP level 7. HP: 47/65 MP: 8/8
  1589 | D:4      | Reached * piety under Okawaru
  1596 | D:4      | Found a burning altar of Makhleb.
  1693 | D:4      | Reached skill level 5 in Unarmed Combat
  1696 | D:4      | Reached skill level 1 in Invocations
  1731 | D:4      | Identified the +3 trident of the Smoking Ancients {speed,
                  | +Blink Will+ MP-9 Str+5}
  1787 | D:4      | Noticed Grinder
  1793 | D:4      | Killed Grinder
  1810 | D:4      | Found a runed translucent door.
  1810 | D:4      | Noticed Nietzsche's ghost (amateur DrTm)
  1837 | D:4      | Killed Nietzsche's ghost
  1838 | D:4      | Reached XP level 8. HP: 58/74 MP: 10/10
  1995 | D:5      | Entered Level 5 of the Dungeon
  2081 | D:5      | Reached ** piety under Okawaru
  2087 | D:5      | Found a large runed translucent door.
  2088 | D:5      | Found a large runed translucent door.
  2099 | D:5      | Found a radiant altar of Vehumet.
  2109 | D:5      | Found an opulent altar of Gozag.
  2148 | D:5      | Found a glowing silver altar of Zin.
  2186 | D:5      | Reached skill level 6 in Unarmed Combat
  2419 | D:5      | Identified the +7 mace "Jaqidus" {vorpal, Will+}
  2525 | D:5      | Noticed Prince Ribbit
  2545 | D:5      | Killed Prince Ribbit
  2628 | D:6      | Reached *** piety under Okawaru
  2631 | D:6      | Reached XP level 9. HP: 70/83 MP: 12/12
  3268 | D:6      | Found a stormy altar of Qazlal.
  3268 | D:6      | Found an ancient bone altar of Kikubaaqudgha.
  3600 | D:7      | Found a staircase to the Ecumenical Temple.
  3607 | Temple   | Entered the Ecumenical Temple
  3743 | D:7      | Found a broken altar of Ashenzari.
  3788 | D:7      | Reached skill level 7 in Unarmed Combat
  3884 | D:7      | Reached **** piety under Okawaru
  3885 | D:7      | Reached skill level 5 in Transmutations
  4049 | D:7      | Noticed Dowan
  4050 | D:7      | Noticed Duvessa
  4068 | D:7      | Killed Duvessa
  4078 | D:7      | Killed Dowan
  4357 | D:7      | Identified 2 scrolls of acquirement
  4451 | D:8      | Reached XP level 10. HP: 47/92 MP: 13/13
  4854 | D:8      | Reached ***** piety under Okawaru
  5273 | D:8      | Acquired 1054 gold pieces
  5337 | D:9      | Found Don Pic's Jewellery Shoppe.
  5365 | D:9      | Bought a ring of flight for 245 gold pieces
  5365 | D:9      | Bought a ring of see invisible for 210 gold pieces
  5450 | D:9      | Reached skill level 8 in Unarmed Combat
  5514 | D:9      | Found a shadowy altar of Dithmenos.
  5595 | D:9      | Found a snail-covered altar of Cheibriados.
  6090 | D:9      | Noticed a deep elf pyromancer
  6212 | D:9      | Killed a deep elf pyromancer
  6212 | D:9      | Received a gift from Okawaru
  6293 | D:9      | Learned a level 4 spell: Ice Form
  6309 | D:9      | HP: 2/112 [electric eel/bolt of electricity (12)]
  6595 | D:9      | Acquired a +0 vampiric executioner's axe
  6607 | D:10     | Entered Level 10 of the Dungeon
  6616 | D:10     | Reached skill level 1 in Shields
  6654 | D:10     | Identified the +1 leather armour of Vev Veyrph {rF- rC++}
  6711 | D:10     | Found a staircase to the Lair.
  6747 | D:10     | Found a flagged portal.
  6763 | Bailey   | Entered a bailey
  6872 | Bailey   | Reached XP level 11. HP: 74/96 MP: 15/15
  6993 | Bailey   | Reached skill level 5 in Dodging
  7277 | Bailey   | Found an iron altar of Okawaru.
  7281 | Bailey   | Noticed an orc sorcerer
  7296 | Bailey   | Killed an orc sorcerer
  7297 | Bailey   | Reached skill level 9 in Unarmed Combat
  7493 | D:10     | Noticed a two-headed ogre
  7500 | D:10     | Killed a two-headed ogre
  7501 | D:10     | Reached skill level 5 in Invocations
  7749 | D:10     | Reached skill level 5 in Fighting
  7804 | D:10     | Noticed a two-headed ogre
  7815 | D:10     | Killed a two-headed ogre
  7815 | D:10     | Reached ****** piety under Okawaru
  8219 | D:10     | Found a sacrificial altar of Ru.
  8220 | D:10     | Acquired happo123's Grimoire of the Rocks and Changing
  8249 | D:9      | Bought a +6 ring of intelligence for 819 gold pieces
  8377 | D:11     | Identified the +0 hat of Agoraphobia {rElec rF+ Regen+}
                  | (Okawaru gifted it to you on level 11 of the Dungeon)
  8377 | D:11     | Received a gift from Okawaru
  8607 | D:11     | You fall into a shaft and drop 3 floors!
  8629 | D:14     | Identified the ring "Qoet" {Fire rElec Dex+7}
  8640 | D:14     | Identified the +0 ring mail "Liapla" {Str+4}
  8736 | D:13     | Noticed a centaur warrior
  8744 | D:13     | Killed a centaur warrior
  8745 | D:13     | Reached skill level 1 in Earth Magic
  8746 | D:13     | Noticed a four-headed hydra
  8751 | D:13     | Killed a six-headed hydra
  8760 | D:13     | Reached XP level 12. HP: 62/111 MP: 17/17
  8864 | D:13     | Noticed a centaur warrior
  8884 | D:13     | Killed a centaur warrior
  8890 | D:13     | Reached skill level 10 in Unarmed Combat
  8942 | D:12     | Noticed a boulder beetle
  8967 | D:13     | Killed a boulder beetle
  9108 | D:12     | Found a staircase to the Orcish Mines.
  9233 | D:11     | Noticed a centaur warrior
  9245 | D:11     | Killed a centaur warrior
  9246 | D:11     | Reached skill level 5 in Ice Magic
  9561 | D:12     | Identified the +1 kite shield "Tuli" {rC+ Int+2} (Okawaru
                  | gifted it to you on level 12 of the Dungeon)
  9561 | D:12     | Received a gift from Okawaru
  9631 | D:12     | Noticed Maurice
  9633 | D:12     | Noticed a five-headed hydra
  9640 | D:12     | Killed a five-headed hydra
  9646 | D:12     | Killed Maurice
  9693 | D:12     | Noticed a two-headed ogre
  9702 | D:12     | Killed a two-headed ogre
  9874 | D:12     | Noticed a boulder beetle
  9901 | D:12     | Killed a boulder beetle
 10210 | D:10     | Acquired Ebuw's Incunabulum of Shape Shifting and Snow
 10218 | Lair:1   | Entered Level 1 of the Lair of Beasts
 10672 | Lair:1   | Noticed a six-headed hydra
 10677 | Lair:1   | Killed a six-headed hydra
 11021 | Lair:2   | Found a staircase to the Swamp.
 11272 | Lair:2   | Reached XP level 13. HP: 120/120 MP: 16/19
 11454 | Lair:2   | Mangled by a polar bear

Illustrated notes

Levels and vault maps discovered:
D:1:      dpeg_arrival_arbitrary_a, layout_rooms,
          ebering_ecumenical_altar_abandoned
D:2:      layout_rooms, uniq_natasha, uniq_sigmund
D:3:      layout_rooms, nicolae_elyvilon_peaceful_grove, amcnicky_altar_gilded,
          okawaru_metal_pillars_1_2, serial_rivers,
          chequers_serial_rivers_micro_b, chequers_serial_rivers_room_b,
          chequers_serial_rivers_micro_c, chequers_serial_rivers_small_a,
          chequers_serial_rivers_room_b, chequers_serial_rivers_small_b,
          minmay_circle_x, uniq_ijyb
D:4:      layout_rooms, bloody_makhleb, gammafunk_ghost_grave, kennysheep_nub,
          uniq_grinder
D:5:      layout_basic, jmf_multi_god_temple2, zin_treasury, uniq_prince_ribbit1
D:6:      layout_basic, gammafunk_temple_overflow_elements
D:7:      layout_loops_ring, mainiacjoe_overflow_cross_hatched,
          minmay_temple_entry_glass, uniq_duvessa
D:8:      layout_loops_corners, serial_bayou_pond_c
D:9:      cheibrodos_two_vegetables, layout_basic, marbit_many_paths,
          general_overflow_altar, serial_shops, shop, minmay_misc_feat_cross
D:10:     layout_basic, kennysheep_mini, grunt_lair_entry_orc_guard_hut,
          enter_bailey_5
D:11:     layout_basic
D:12:     layout_long_grid, orc_0_dummy, dk_noncrumbling_3,
          mrwooster_statue_mirror, minmay_misc_feat_five, st_stairs_6,
          uniq_urug, uniq_maurice
D:13:     layout_loops_ring, serial_ice, serial_ice_n, serial_ice_l,
          serial_ice_a, serial_ice_h, serial_ice_e, serial_ice_b,
          hangedman_glass_teeth
D:14:     layout_rooms, ximxim_vaults_locker_room, serial_aquarium,
          aquarium_bridge_straight [aquarium_subvault_bridge,
          aquarium_subvault_wall, aquarium_subvault_bridge,
          aquarium_subvault_wall], aquarium_bridge_straight
          [aquarium_subvault_bridge, aquarium_subvault_window,
          aquarium_subvault_bridge, aquarium_subvault_window],
          aquarium_window_corridor_1, aquarium_window_fake, aquarium_view_2c,
          aquarium_view_2e, aquarium_balcony_5b, aquarium_pool_four,
          serial_shops, shop, minmay_misc_feat_more_columns, uniq_lodul
Temple:   nicolae_temple_figure_zero
Lair:1:   layout_gridlike, nicolae_quartered_pool_impasse, serial_bayou_shore_b
Lair:2:   layout_loops_ring, nicolae_swamp_entry_splash_gauntlet,
          hangedman_lair_generics_rect, lemuel_fruit_fields,
          serial_bayou_shore_a

Skill      XL: |  1  2  3  4  5  6  7  8  9 10 11 12 |
---------------+-------------------------------------+-----
Fighting       | 1 2 3 4 5 6 |  6.2
Dodging        | 2 3 4 5 6 |  6.2
Unarmed Combat | 4 5 6 7 8 9 10 | 10.9
Transmutations | 2 3 4 5 6 7 8 |  8.1
Ice Magic      | 1 2 3 4 5 |  5.0
Spellcasting   | 2 3 4 |  4.9
Invocations    | 1 2 3 4 5 6 |  6.3
Shields        | 1 3 4 |  4.3
Earth Magic    | 1 3 |  3.1

Action                   |  1- 3 |  4- 6 |  7- 9 | 10-12 | 13-15 || total
-------------------------+-------+-------+-------+-------+-------++-------
Melee: Unarmed           |    60 |   117 |   251 |   648 |    27 ||  1103
       Kick              |     6 |    13 |    59 |    85 |       ||   163
       Headbutt          |     2 |     1 |    27 |    55 |       ||    85
       Punch             |       |     1 |     6 |    32 |       ||    39
 Fire: Hunting sling     |       |       |       |     4 |       ||     4
 Cast: Beastly Appendage |     6 |     9 |    36 |    33 |       ||    84
       Wereblood         |       |     3 |    11 |    31 |     1 ||    46
       Ice Form          |       |       |       |    22 |     1 ||    23
Invok: Heroism           |       |       |       |     6 |       ||     6
       Finesse           |       |       |       |     4 |     1 ||     5
Evoke: Wand              |       |       |     1 |       |       ||     1
  Use: Scroll            |       |       |     5 |    10 |     1 ||    16
       Potion            |       |       |     1 |     1 |       ||     2
 Stab: Sleeping          |       |     2 |       |       |       ||     2
Armor: Robe              |    31 |    39 |    57 |     8 |       ||   135
       Acid dragon scale |       |       |       |   101 |       ||   101
       Skin              |       |       |       |    40 |     8 ||    48
       Swamp dragon scal |       |       |       |   110 |     3 ||   113
Dodge: Dodged            |    27 |    61 |   129 |   321 |    21 ||   559
Block: Kite shield       |       |       |       |    55 |       ||    55

Table legend: (Time is in decaauts)
 A = Elapsed time spent in this place.
 B = Non-inter-level travel time spent in this place.
 C = Inter-level travel time spent in this place.
 D = Time resting spent in this place.
 E = Time spent auto-exploring this place.
 F = Levels seen in this place.
 G = Mean time per level.
                   A        B        C        D        E       F      G
               +--------+--------+--------+--------+--------+-----+--------+
         Total |  11361 |   8714 |   2647 |    582 |   4687 |  18 |  631.2 |
       Dungeon |   9317 |   7036 |   2281 |    471 |   3969 |  14 |  665.5 |
        Temple |    123 |    114 |      9 |      0 |    112 |   1 |  123.0 |
          Lair |   1235 |    879 |    356 |     59 |    580 |   2 |  617.5 |
        Bailey |    684 |    684 |      0 |     52 |     26 |   1 |  684.0 |
               +--------+--------+--------+--------+--------+-----+--------+

Top non-repeatable levels by time:
     D:9: 1329 daAuts
    D:10: 1012 daAuts
     D:6: 957 daAuts
     D:8: 893 daAuts
    D:12: 866 daAuts
  Lair:1: 843 daAuts
  Bailey: 684 daAuts
     D:7: 669 daAuts
     D:5: 619 daAuts
     D:3: 564 daAuts
    D:11: 562 daAuts
     D:1: 523 daAuts
     D:2: 453 daAuts
     D:4: 451 daAuts
  Lair:2: 392 daAuts
